 Dungeon Crawl Stone Soup version 0.28-a0-563-gf77a47075d (webtiles) character file.

Game seed: 3370993747878419566

798 bearlyready the Chopper (level 7, 0/60 HPs)
             Began as a Gnoll Cinder Acolyte on Sept 29, 2021.
             Was a High Priest of Ignis.
             Slain by a gnoll (8 damage)
             ... on level 3 of the Dungeon.
             The game lasted 00:11:15 (7445 turns).

bearlyready the Chopper (Gnoll Cinder Acolyte)      Turns: 7445, Time: 00:11:16

Health: 0/60       AC:  3    Str: 16    XL:     7   Next: 90%
Magic:  0/13       EV: 11    Int: 13    God:    Ignis [*****.]
Gold:   255        SH:  0    Dex:  7    Spells: 12/14 levels left

rFire   + . .      SeeInvis .   t - +0 spear (flame)
rCold   . . .      Faith    .   (no shield)
rNeg    . . .      Spirit   .   j - +0 leather armour
rPois   .          Reflect  .   (no helmet)
rElec   .          Harm     .   (no cloak)
rCorr   .          Rampage  .   (no gloves)
Will    .....                   (no boots)
Stlth   +.........              (no amulet)
HPRegen 0.20/turn               (no ring)
MPRegen 0.13/turn               (no ring)

@: very slightly contaminated, very slow
A: fangs 1, strong nose, distributed training
a: Renounce Religion, Sea of Fire, Foxfire Swarm, Rising Flame


You were on level 3 of the Dungeon.
You worshipped Ignis.
Ignis was extremely pleased with you.
You visited 1 branch of the dungeon, and saw 3 of its levels.
You also visited: Sewer.

You collected 255 gold pieces.

Inventory:

Hand Weapons
 a - a -1 hand axe of flaming
 t - a +0 spear of flaming (weapon)
Missiles
 c - 122 stones
 h - 40 sling bullets
 k - 6 datura-tipped darts
 l - 23 poisoned darts (quivered)
 n - 2 curare-tipped darts
 u - 2 throwing nets
 w - 3 boomerangs
Armour
 b - a +0 robe
 j - a +0 leather armour (worn)
 r - a scarf of harm
Scrolls
 d - a scroll of enchant weapon {unknown}
 f - 3 scrolls of identify {unknown}
 g - 2 scrolls of immolation
 o - a scroll of teleportation
Potions
 e - 3 potions of haste
 i - a potion of heal wounds
 m - 3 potions of magic {unknown}
 p - 2 potions of might {unknown}
 q - a potion of invisibility {unknown}
 s - a potion of mutation {unknown}
 v - a potion of degeneration {unknown}
 x - a potion of cancellation


   Skills:
 + Level 7.1 Fighting
 + Level 2.7 Short Blades
 + Level 2.7 Long Blades
 + Level 7.1 Axes
 + Level 2.7 Maces & Flails
 + Level 2.7 Polearms
 + Level 2.7 Staves
 + Level 2.7 Slings
 + Level 2.7 Bows
 + Level 2.7 Crossbows
 + Level 2.7 Throwing
 + Level 2.7 Armour
 + Level 2.7 Dodging
 + Level 2.7 Stealth
 + Level 2.7 Shields
 + Level 2.7 Unarmed Combat
 + Level 4.0 Spellcasting
 + Level 2.2 Conjurations
 + Level 2.2 Hexes
 + Level 2.2 Summonings
 + Level 2.2 Necromancy
 + Level 2.2 Translocations
 + Level 2.2 Transmutations
 + Level 5.9 Fire Magic
 + Level 2.2 Ice Magic
 + Level 2.2 Air Magic
 + Level 2.2 Earth Magic
 + Level 2.2 Poison Magic
 + Level 3.0 Invocations
 + Level 2.7 Evocations


You had 12 spell levels left.
You knew the following spells:

 Your Spells              Type           Power      Damage    Failure   Level
a - Scorch                Fire           36%        2d7       3%          2

Your spell library contained the following spells:

 Spells                   Type           Power      Damage    Failure   Level
 Call Canine Familiar     Summ           8%         N/A       28%         3
 Portal Projectile        Hex/Tloc       16%        N/A       28%         3
 Leda's Liquefaction      Hex/Erth       4%         N/A       67%         4


Dungeon Overview and Level Annotations

Branches:
Dungeon (3/15)              Sewer (visited)

Altars:


Innate Abilities, Weirdness & Mutations

You have very sharp teeth.
Your uncanny sense of smell can sniff out nearby items.
Your experience applies equally to all skills.


Message History

Nothing appears to happen.
The orc hits you with a +0 whip.
* * * LOW HITPOINT WARNING * * *
The gnoll hits you from afar with a +0 spear.
* * * LOW HITPOINT WARNING * * *
The orc splashes around in the water.
The gnoll splashes around in the water.
Casting: Scorch (safe; 3% risk of failure)
Confirm with . or Enter, or press ? or * to list all spells.
Flames lash the orc.
You kill the orc!
You hear a splash.
The orc closely misses you. The gnoll closely misses you.
The gnoll splashes around in the water.
Casting: Scorch (safe; 3% risk of failure)
Confirm with . or Enter, or press ? or * to list all spells.
Flames lash the orc.
You kill the orc!
You hear a splash. x2
The gnoll misses you. The gnoll hits you with a +0 flail.
* * * LOW HITPOINT WARNING * * *
Casting: Scorch (safe; 3% risk of failure)
Confirm with . or Enter, or press ? or * to list all spells.
Flames lash the gnoll.
You kill the gnoll!
You hear a splash.
The gnoll barely misses you.
Casting: Scorch (safe; 3% risk of failure)
Confirm with . or Enter, or press ? or * to list all spells.
You don't have enough magic to cast this spell.
Unknown command.
Your unstable footing causes you to fumble your attack.
The gnoll barely misses you.
You closely miss the gnoll. The gnoll barely misses you.
Casting: Scorch (safe; 3% risk of failure)
Confirm with . or Enter, or press ? or * to list all spells.
Flames lash the gnoll.
The gnoll is heavily wounded.
The gnoll's fire resistance burns away.
The gnoll is engulfed in a cloud of scalding steam.
The gnoll hits you with a +0 flail!
You die...

..##.........##....#
#.#######..#####...#
#)...))....####....#
)).#####...........#
##.....#..........##
)......#####################
..).).........)............#
..).≈≈≈≈≈≈≈≈≈≈))g§≈≈≈≈≈...P#
..).)≈≈≈≈≈≈≈≈≈≈≈@≈≈≈≈≈≈....#
....≈≈≈≈≈≈≈≈≈≈≈≈#####≈≈....#
................#...#≈≈....#
)'''#############...#≈≈P...#
..).#######.....#+###≈≈....#
....'.....'.....# .≈≈≈....#
..).#######.....# #.≈≈≈....#
#''##############.#.≈≈≈....#
......oo...'....'.#.≈≈≈..P.#


You could see a gnoll (combustible).

Vanquished Creatures
  4 kobold brigands
  A howler monkey (D:3)
  A hound (D:3)
  An orc wizard (D:3)
  20 gnolls (D:3)
  5 adders
  3 river rats (Sewer)
  A white imp (D:3)
  A worm (D:2)
  3 dart slugs
  17 orcs (D:3)
  6 endoplasms
  3 giant cockroaches
  4 goblins
  7 hobgoblins
  13 jackals
  17 kobolds
  7 quokkas
  12 ball pythons
  6 bats
  6 frilled lizards
  25 rats
163 creatures vanquished.

Vanquished Creatures (others)
  A goblin (D:3)
  A jackal (D:3)
  15 foxfires (D:3)
  2 plants (D:3)
19 creatures vanquished.

Grand Total: 182 creatures vanquished

Notes
Turn   | Place    | Note
-------+----------+-------------------------------------------
     0 | D:1      | bearlyready the Gnoll Cinder Acolyte began the quest for
                  | the Orb.
     0 | D:1      | Reached XP level 1. HP: 23/23 MP: 4/4
   297 | D:1      | Reached XP level 2. HP: 29/29 MP: 5/5
   988 | D:1      | Reached XP level 3. HP: 21/35 MP: 7/7
  1637 | D:2      | Reached skill level 1 in Invocations
  1995 | D:2      | Reached skill level 1 in Short Blades
  1995 | D:2      | Reached skill level 1 in Long Blades
  1995 | D:2      | Reached skill level 1 in Maces & Flails
  1995 | D:2      | Reached skill level 1 in Polearms
  1995 | D:2      | Reached skill level 1 in Staves
  1995 | D:2      | Reached skill level 1 in Slings
  1995 | D:2      | Reached skill level 1 in Bows
  1995 | D:2      | Reached skill level 1 in Crossbows
  1995 | D:2      | Reached skill level 1 in Throwing
  1995 | D:2      | Reached skill level 1 in Armour
  1995 | D:2      | Reached skill level 1 in Dodging
  1995 | D:2      | Reached skill level 1 in Stealth
  1995 | D:2      | Reached skill level 1 in Shields
  1995 | D:2      | Reached skill level 1 in Unarmed Combat
  1995 | D:2      | Reached skill level 1 in Evocations
  2096 | D:2      | Reached XP level 4. HP: 27/41 MP: 8/8
  2718 | D:3      | Reached skill level 1 in Conjurations
  2718 | D:3      | Reached skill level 1 in Hexes
  2718 | D:3      | Reached skill level 1 in Summonings
  2718 | D:3      | Reached skill level 1 in Necromancy
  2718 | D:3      | Reached skill level 1 in Translocations
  2718 | D:3      | Reached skill level 1 in Transmutations
  2718 | D:3      | Reached skill level 1 in Ice Magic
  2718 | D:3      | Reached skill level 1 in Air Magic
  2718 | D:3      | Reached skill level 1 in Earth Magic
  2718 | D:3      | Reached skill level 1 in Poison Magic
  2908 | D:3      | Found a glowing drain.
  2945 | Sewer    | Entered a sewer
  3320 | Sewer    | Reached XP level 5. HP: 40/47 MP: 9/9
  3932 | Sewer    | Noticed a kobold brigand
  3932 | Sewer    | Noticed a kobold brigand
  3957 | Sewer    | Killed a kobold brigand
  3961 | Sewer    | Reached XP level 6. HP: 27/53 MP: 10/10
  4885 | D:3      | HP: 2/53 [adder (3)]
  5551 | D:3      | Reached XP level 7. HP: 53/59 MP: 12/12
  6454 | D:3      | Learned a level 2 spell: Scorch
  7445 | D:3      | Slain by a gnoll

Illustrated notes

Levels and vault maps discovered:
D:1:      lemuel_arrival_cross, layout_loops_corners, minmay_hedge_maze,
          st_stairs_5, minmay_domino_2
D:2:      layout_basic
D:3:      lemuel_castle_with_subvaults [lemuel_castle_interior_original],
          layout_basic, gup_sewer_entry_pipe, hangedman_decor_growths

Skill      XL: |  1  2  3  4  5  6  7 |
---------------+----------------------+-----
Invocations    | 1 2 3 |  3.0
Short Blades   | 1 2 |  2.7
Long Blades    | 1 2 |  2.7
Maces & Flails | 1 2 |  2.7
Polearms       | 1 2 |  2.7
Staves         | 1 2 |  2.7
Slings         | 1 2 |  2.7
Bows           | 1 2 |  2.7
Crossbows      | 1 2 |  2.7
Throwing       | 1 2 |  2.7
Armour         | 1 2 |  2.7
Dodging        | 1 2 |  2.7
Stealth        | 1 2 |  2.7
Shields        | 1 2 |  2.7
Unarmed Combat | 1 2 |  2.7
Evocations     | 1 2 |  2.7
Spellcasting   | 3 4 |  4.0
Conjurations   | 1 2 |  2.2
Hexes          | 1 2 |  2.2
Summonings     | 1 2 |  2.2
Necromancy     | 1 2 |  2.2
Translocations | 1 2 |  2.2
Transmutations | 1 2 |  2.2
Ice Magic      | 1 2 |  2.2
Air Magic      | 1 2 |  2.2
Earth Magic    | 1 2 |  2.2
Poison Magic   | 1 2 |  2.2
Fighting       | 7 |  7.1
Axes           | 7 |  7.1
Fire Magic     | |  5.9

Action                   |  1- 3 |  4- 6 |  7- 9 || total
-------------------------+-------+-------+-------++-------
Melee: Hand axe          |   107 |   272 |    86 ||   465
       Bite              |    10 |    18 |     9 ||    37
       Punch             |       |     2 |       ||     2
       Spear             |       |       |    37 ||    37
Throw: Dart              |       |     4 |    25 ||    29
       Stone             |       |       |     3 ||     3
 Cast: Scorch            |       |       |    24 ||    24
Invok: Foxfire Swarm     |       |       |     1 ||     1
  Use: Potion            |     3 |     4 |     1 ||     8
       Scroll            |       |       |     2 ||     2
 Stab: Sleeping          |       |       |     1 ||     1
Armor: Robe              |    19 |    51 |       ||    70
       Leather armour    |       |     3 |    23 ||    26
Dodge: Dodged            |    62 |   171 |   105 ||   338

Table legend: (Time is in decaauts)
 A = Elapsed time spent in this place.
 B = Non-inter-level travel time spent in this place.
 C = Inter-level travel time spent in this place.
 D = Time resting spent in this place.
 E = Time spent auto-exploring this place.
 F = Levels seen in this place.
 G = Mean time per level.
                   A        B        C        D        E       F      G
               +--------+--------+--------+--------+--------+-----+--------+
         Total |   7449 |   7335 |    114 |    397 |   5615 |   4 | 1862.2 |
       Dungeon |   5842 |   5728 |    114 |     12 |   4666 |   3 | 1947.3 |
         Sewer |   1607 |   1607 |      0 |    385 |    948 |   1 | 1607.0 |
               +--------+--------+--------+--------+--------+-----+--------+

Top non-repeatable levels by time:
     D:3: 3211 daAuts
   Sewer: 1607 daAuts
     D:1: 1551 daAuts
     D:2: 1079 daAuts
